 Dungeon Crawl Stone Soup version 0.19-a0-687-g35db334 (webtiles) character file.

596532 Leszczynek the Shatterer (level 27, -1/246 HPs)
             Began as an Ogre Summoner on June 17, 2016.
             Was the Champion of Okawaru.
             Slain by an Orb Guardian (21 damage)
             ... on level 5 of the Realm of Zot on June 18, 2016.
             The game lasted 04:56:13 (83273 turns).

Leszczynek the Shatterer (Ogre Summoner)           Turns: 83273, Time: 04:56:14

Health: -1/246     AC: 32    Str: 30    XL:     27
Magic:  8/10       EV: 20    Int:  9    God:    Okawaru [******]
Gold:   3898       SH:  0    Dex: 14    Spells: 10 memorised, 19 levels left

rFire  + + +     SeeInvis +     c - +8 giant spiked club of Tender Mercy {antimagic, +Rage Str+4}
rCold  + + +     Gourm    .     D - +9 ice dragon armour
rNeg   + . .     Faith    +     (shield currently unavailable)
rPois  +         Spirit   .     B - +3 crown of Dyrovepreva {rElec Int+2 SInv}
rElec  +         Dismiss  .     y - +1 cloak {MR+}
rCorr  .         Reflect  .     (gloves unavailable)
SustAt .         Harm     .     (boots unavailable)
MR     +++..     Rnd*Rage +     G - amulet "Rigofis" {Faith +Blink rPois Str+4 Int-5}
Stlth  ++........ Rnd*Tele +    F - ring of Xyazity {rF+ rC+ SInv}
                                f - ring "Xifobbam" {rF++ rN+ Stlth+}

@: heroism, repel missiles, extremely resistant to hostile enchantments,
unstealthy
A: unfitting armour, claws 1, horns 1, icy blue scales 1, berserk 2, blurry
vision 2, cold resistance 2, deterioration 1, dopey 1, fire resistance 1, frail
2, low mp 1, slow regeneration 1, teleportitis 2, tough skin 1, weak 2
a: Heroism, Finesse, Renounce Religion, Evoke Blink, Evoke Berserk Rage
}: 3/15 runes: decaying, abyssal, gossamer


You were on level 5 of the Realm of Zot.
You worshipped Okawaru.
Okawaru was exalted by your worship.
You were very full.

You visited 9 branches of the dungeon, and saw 48 of its levels.
You visited the Abyss 1 time.
You also visited: Labyrinth and Trove.

You collected 6332 gold pieces.
You spent 2434 gold pieces at shops.

Inventory:

Hand Weapons
 a - a +9 giant spiked club of protection
 b - a +7 blowgun
 c - the +8 giant spiked club of Tender Mercy (weapon) {antimagic, +Rage Str+4}
   (Okawaru gifted it to you on level 3 of the Realm of Zot)

   It reduces the magical energy of the wielder, and disrupts the spells and
   magical abilities of those hit.
   Natural abilities and divine invocations are not affected.
   It affects your strength (+4).
   It lets you go berserk.
Missiles
 l - 122 large rocks (quivered)
 L - 9 needles of paralysis
 M - 23 javelins of penetration
 S - 13 needles of confusion
 W - a throwing net
Armour
 y - a +1 cloak of magic resistance (worn)
 B - the +3 crown of Dyrovepreva (worn) {rElec Int+2 SInv}
   (You found it on level 4 of the Depths)

   It affects your intelligence (+2).
   It insulates you from electricity.
   It lets you see invisible.
 D - a +9 ice dragon armour (worn)
Jewellery
 d - the ring "Roasihau" {Wiz rPois rF++ rN+ MR-}
   (You took it off a minotaur in a labyrinth)

   [ring of wizardry]

   It improves your spell success rate.
   It greatly protects you from fire.
   It protects you from poison.
   It protects you from negative energy.
   It affects your resistance to hostile enchantments.
 f - the ring "Xifobbam" (left claw) {rF++ rN+ Stlth+}
   (You bought it in a shop on level 2 of the Orcish Mines)

   [ring of stealth]

   It greatly protects you from fire.
   It protects you from negative energy.
   It makes you more stealthy.
 v - an uncursed ring of protection from fire
 F - the ring of Xyazity (right claw) {rF+ rC+ SInv}
   (You found it in a treasure trove)

   [ring of protection from cold]

   It protects you from fire.
   It protects you from cold.
   It lets you see invisible.
 G - the amulet "Rigofis" (around neck) {Faith +Blink rPois Str+4 Int-5}
   (You found it on level 6 of the Lair of Beasts)

   [amulet of faith]

   It allows you to gain divine favour quickly.
   It affects your strength (+4).
   It affects your intelligence (-5).
   It protects you from poison.
   It lets you blink.
 U - an uncursed ring of resist corrosion
Wands
 i - a wand of disintegration (12/24)
 j - a wand of digging (9/24)
 n - a wand of teleportation (8/9)
 p - a wand of heal wounds (9/9)
 q - a wand of hasting (9/9)
Scrolls
 e - 8 scrolls of blinking
 g - 4 scrolls of holy word
 s - 13 scrolls of remove curse
 u - 13 scrolls of teleportation
 z - 4 scrolls of identify
 E - 8 scrolls of recharging
 N - 4 scrolls of fog
 R - 9 scrolls of fear
 V - a scroll of summoning
 X - 7 scrolls of magic mapping
 Y - 2 scrolls of silence
Potions
 h - 2 potions of agility
 k - 3 potions of heal wounds
 m - 3 potions of invisibility
 r - 8 potions of flight
 t - 3 potions of resistance
 H - 5 potions of cancellation
 J - 3 potions of might
 K - 7 potions of ambrosia
 O - 16 potions of curing
 T - 4 potions of magic
 Z - a potion of cure mutation
Miscellaneous
 o - 2 phantom mirrors
 C - a fan of gales
 P - 3 sacks of spiders
 Q - a box of beasts
Comestibles
 w - 22 bread rations
 I - 33 meat rations


   Skills:
 + Level 23.7(27) Fighting
 + Level 25.7(27) Maces & Flails
 + Level 22.2(27) Throwing
 - Level 11.4(16.4) Armour
 - Level 16.1(21.1) Dodging
 - Level 1.5(6.5) Stealth
 - Level 8.1 Spellcasting
 - Level 8.3 Charms
 - Level 2.9 Summonings
 - Level 7.6 Necromancy
 - Level 9.0 Translocations
 - Level 3.1 Air Magic
 - Level 3.2 Poison Magic
 - Level 7.4 Invocations
 - Level 10.3 Evocations


You had 19 spell levels left.
You knew the following spells:

 Your Spells              Type           Power        Failure   Level  Hunger
a - Blink                 Tloc           N/A          1%          2    ##.....
b - Call Imp              Summ           #.......     14%         2    ##.....
c - Apportation           Tloc           ###.......   1%          1    None
d - Passage of Golubria   Tloc           N/A          10%         4    ####...
e - Repel Missiles        Chrm/Air       ##....       6%          2    ##.....
f - Cure Poison           Pois           #.........   14%         2    ##.....
g - Swiftness             Chrm/Air       ##......     6%          2    ##.....
h - Portal Projectile     Tloc           ###...       2%          3    ###....
i - Sublimation of Blood  Necr           ###.......   1%          2    ##.....
q - Regeneration          Chrm/Necr      ###.......   3%          3    ###....


Dungeon Overview and Level Annotations

Branches:
Dungeon (15/15)            Temple (0/1) D:5            Lair (6/6) D:9
  Swamp (4/4) Lair:3       Spider (4/4) Lair:4        Slime (0/5) Lair:6
    Orc (2/2) D:9             Elf (3/3) Orc:2        Vaults (4/5) D:14
  Crypt (0/3) Vaults:2     Depths (5/5) D:15            Zot (5/5) Depths:5

Altars:
Ashenzari
Cheibriados
Elyvilon
Gozag
Hepliaklqana
Kikubaaqudgha
Makhleb
Okawaru
Qazlal
Ru
Sif Muna
Uskayaw
Vehumet
Xom
Yredelemnul
Zin
Beogh

Shops:
D:9 *   Orc:2 [((=*   Elf:1 ?   Elf:2 [   Elf:3 !*[   Vaults:1 ?   Vaults:2 }

Portals:
Hell: Lair:6 Depths:1 Depths:2 Depths:3 Depths:4 Depths:5
Abyss: Depths:3
Pandemonium: Depths:3
Ziggurat: Depths:5

Annotations:
D:14 exclusion: Roxanne, Roxanne
Lair:2 Erica
Elf:2 5 runed doors
Depths:5 3 runed doors


Innate Abilities, Weirdness & Mutations

You are too large for most types of armour.
You have tough skin. (AC +1)
You have sharp fingernails.
You have a pair of small horns on your head.
You are partially covered in icy blue scales. (AC +1)
You often lose your temper in combat.
Scrolls take you longer to read.
Your flesh is very cold resistant. (rC++)
Your body sometimes deteriorates upon taking damage.
You are dopey. (Int -2)
Your flesh is heat resistant. (rF+)
You are very frail. (-20% HP)
Your magical capacity is low. (-10% MP)
You regenerate slowly when monsters are visible.
You are sometimes teleported next to monsters.
You are very weak. (Str -4)


Message History

* * * LOW HITPOINT WARNING * * *
The Orb Guardian misses you.
Unknown command.
You stick the Orb Guardian like a pincushion!!!
You kill the Orb Guardian!
Okawaru accepts your kill. The Orb Guardian hits you.
* * * LOW HITPOINT WARNING * * *
Unknown command.
You feel much better. The Orb Guardian completely misses you.
The Orb Guardian barely misses you.
Unknown command.
You sock the Orb Guardian!
The Orb Guardian is lightly wounded.
The Orb Guardian hits you!!
* * * LOW HITPOINT WARNING * * *
You closely miss the Orb Guardian. Your headbutt misses the Orb Guardian.
The Orb Guardian is lightly wounded.
The Orb Guardian hits you!!
You die...

##...............#**,,,,,,,,,,,,,
##.............## *,,,,,,,,,,,,,
#.^...........# *,,,,,,,,,,,,,
##...........## *,,,,,,,,,,,,,
#...........# *,,,,,,,,,,,,,
##.^.........## *,,,,,,,,,,,,,
#.............# **,,,,,,,,,,,,
##.............## **,,,,,,,,,,,
#.............X@# **,,,,,,,,,,
▓########.########***************
# #.............,,,,,* *,,* *, #
#............#***,8****,,* *, #
##..........## *,,,,,,,,* *, ##
##........## **,8,,,,,,* *, .##
##......## **,,,****,,* *, ..##
###..### **,,,** *..# *, ...##
#..# **,,,** *#..# *,


You could see an Orb Guardian.

Vanquished Creatures
  2 orbs of fire
  4 ancient liches
  Margery (Depths:3)
  Xtahua (Vaults:4)
  Saint Roka (Elf:3)
  3 Killer Klowns
  10 golden dragons
  3 bone dragons
  2 liches
  Jorgrun (Depths:2)
  4 electric golems
  A Hell Sentinel (Abyss:1)
  14 tentacled monstrosities
  11 Orb Guardians (Zot:5)
  2 deep elf blademasters (Elf:3)
  2 titans
  2 deep elf master archers (Elf:3)
  3 tentacled starspawn
  Gastronok (Lair:2)
  4 death cobs
  3 sphinxes
  2 tengu reavers
  8 storm dragons
  6 shadow dragons
  3 draconian monks
  The ghost of Kenran the Severer, an adept FoFi of Okawaru (D:12)
  9 fire giants
  Donald (Lair:4)
  15 frost giants
  9 ghost moths
  4 draconian knights
  3 iron dragons
  An emperor scorpion (Spider:4)
  Aizul (Vaults:4)
  7 deep elf sorcerers
  Louise (Swamp:2)
  A draconian scorcher (Zot:2)
  11 vault wardens
  2 draconian zealots
  3 deep elf elementalists (Elf:3)
  3 draconian annihilators
  32 very ugly things
  A ghoul (Vaults:2)
  2 draconian shifters
  11 ironheart preservers
  3 entropy weavers
  15 stone giants
  A stone giant (shapeshifter) (Depths:5)
  4 vampire knights
  14 green draconians
  9 deep elf demonologists (Elf:3)
  Nessos (Lair:6)
  A draconian caller (Depths:5)
  The ghost of tstbtto the Severer, a journeyman CeBe of Trog (Lair:6)
  16 white draconians
  6 black draconians
  14 spark wasps
  13 mottled draconians
  11 red draconians
  A dire elephant (Lair:6)
  9 deep elf annihilators
  3 yellow draconians
  11 purple draconians
  8 ettins
  A green death (Abyss:1)
  5 deep elf death magi (Elf:3)
  27 ice dragons
  2 deep elf high priests
  A minotaur (shapeshifter) (Elf:3)
  A minotaur (Lab)
  An eidolon (Vaults:2)
  26 fire dragons
  13 yaktaur captains
  Fannar (Lair:2)
  12 great orbs of eyes
  A juggernaut simulacrum (Depths:4)
  17 hydras
  A hell beast (Depths:1)
  6 rakshasas
  9 vault guards
  2 ghost crabs (Swamp:4)
  7 spriggan air magi
  A catoblepas (D:14)
  15 centaur warriors
  The ghost of Shenda the Basher, a journeyman GrFi of Qazlal (D:10)
  2 death knights (Vaults:2)
  9 death yaks
  13 ogre magi
  15 deep troll shamans
  4 vampire magi
  6 alligators
  9 tengu warriors
  2 thrashing horrors
  12 dancing weapons
  17 deep troll earth magi
  7 spriggan berserkers
  3 orc high priests (Orc:2)
  21 deep elf knights
  2 sun demons
  8 wretched stars
  5 spriggans
  16 hell knights
  A shadow wraith (Vaults:2)
  The ghost of Skanax the Dealer of Despair, a novice DDNe of Kikubaaqudgha (Lair:1)
  A fire crab (Vaults:4)
  8 skeletal warriors
  An unseen horror (shapeshifter) (D:14)
  A salamander mystic (Depths:2)
  6 iron trolls
  8 unseen horrors
  3 spriggan druids
  32 deep trolls
  A giant orange brain (Depths:2)
  A shambling mangrove (Swamp:4)
  20 deep elf archers
  7 hill giants
  A lindwurm (shapeshifter) (D:15)
  9 ironbrand convokers
  4 swamp dragons
  A phantasmal warrior (Abyss:1)
  36 wolf spiders
  An oklob plant (Lair:6)
  8 harpies
  8 necromancers
  2 cyclopes
  66 deep elf magi
  4 wizards
  15 hornets
  13 orc knights
  24 orb spiders
  6 orc sorcerers
  5 griffons
  31 slime creatures
  A shining eye (Depths:5)
  A golden dragon skeleton (Depths:4)
  5 salamanders
  23 moths of wrath
  A shining eye (shapeshifter) (Depths:3)
  An octopode (shapeshifter) (Vaults:2)
  40 ugly things
  A manticore (shapeshifter) (Depths:3)
  A centaur zombie (D:11)
  2 sixfirhies
  13 elephants
  5 black mambas
  A frost giant skeleton (Depths:4)
  A fire giant skeleton (Depths:4)
  A guardian serpent (Abyss:1)
  17 vault sentinels
  2 torpor snails (Spider:4)
  3 naga magi
  A black mamba (shapeshifter) (Vaults:2)
  2 water nymphs (shapeshifter)
  20 spiny frogs
  4 smoke demons
  A rime drake (Lair:6)
  6 centaur skeletons
  2 gargoyles
  3 orange demons
  6 freezing wraiths
  A rime drake (shapeshifter) (Vaults:3)
  5 ice devils
  55 yaktaurs
  An efreet (D:13)
  9 komodo dragons
  3 tengu conjurers
  A queen bee (Abyss:3)
  3 ancient zymes
  A red devil (Lair:6)
  10 demonic crawlers
  A yaktaur skeleton (Depths:1)
  A polar bear (Lair:5)
  A meliai (shapeshifter) (Vaults:2)
  6 trolls
  17 jumping spiders
  10 raiju
  9 giant leeches
  A wind drake (shapeshifter) (Depths:3)
  A harpy skeleton (Abyss:1)
  8 boulder beetles
  A slime creature (shapeshifter) (Elf:2)
  6 large abominations
  4 bog bodies
  16 two-headed ogres
  10 blink frogs
  A human simulacrum (Vaults:2)
  A fire giant simulacrum (Abyss:1)
  7 ynoxinuls
  11 air elementals
  An elf skeleton (Depths:4)
  A shadow (D:13)
  2 wyverns
  15 water elementals
  74 redbacks
  A fire bat (shapeshifter) (Depths:3)
  A tarantella (shapeshifter) (Depths:4)
  10 starcursed masses (Abyss:1)
  34 yaks
  36 tarantellas
  3 basilisks
  2 wraiths (Abyss:1)
  20 humans (D:14)
  A yaktaur simulacrum (Vaults:2)
  2 hogs (shapeshifter) (Vaults:1)
  2 chaos spawn
  12 hippogriffs
  5 hungry ghosts
  A neqoxec (Abyss:2)
  A steam dragon (D:9)
  27 vampire mosquitoes
  3 fire elementals
  A basilisk (shapeshifter) (Vaults:1)
  3 mottled dragons
  8 wargs
  2 hippogriffs (shapeshifter)
  3 swamp worm simulacra (Swamp:4)
  11 insubstantial wisps
  12 swamp worms
  A giant eyeball (shapeshifter) (Vaults:3)
  14 hydra simulacra (Swamp:4)
  7 water moccasins
  2 giant eyeballs
  9 porcupines
  Duvessa (D:6)
  A black bear (D:11)
  3 hell hounds
  8 wasps
  A black bear (shapeshifter) (Depths:2)
  2 ice beasts
  An eye of draining (Depths:5)
  5 necrophages (Swamp:3)
  34 orc warriors
  5 sky beasts
  7 swamp drakes
  42 ogres
  20 boggarts
  43 centaurs
  14 wolves
  15 crocodiles
  17 giant frogs
  Blork the orc (D:4)
  5 big kobolds
  3 earth elementals
  Dowan (D:6)
  2 scorpions
  6 small abominations
  10 killer bees
  8 wights
  5 howler monkeys
  4 electric eels
  5 crimson imps
  2 quasits
  A wasp zombie (D:12)
  6 hounds
  8 jellies
  21 orc priests
  Crazy Yiuf (D:7)
  3 giant frog zombies
  22 orc wizards
  A giant frog skeleton (D:10)
  2 iron imps (Abyss:1)
  8 iguanas
  11 worker ants
  6 sheep
  2 hound skeletons
  3 hound zombies
  3 howler monkey skeletons
  4 adders
  53 river rats
  4 shadow imps
  A white imp (Abyss:1)
  5 swamp drake simulacra (Swamp:4)
  An ufetubus (Abyss:1)
  2 adder zombies
  An adder skeleton (D:7)
  2 worms
  4 dart slugs
  5 giant geckos
  99 orcs
  4 giant cockroaches
  A goblin (D:3)
  3 hobgoblins
  14 jackals
  6 quokkas
  7 bats
  5 giant newts
  21 kobolds
  A quokka skeleton (D:8)
  12 rats
  A spectral orc (D:9)
  2 crawling corpses (Elf:3)
  A fire vortex (D:14)
  A fungus (Lair:2)
  A starspawn tentacle (Abyss:2)
2301 creatures vanquished.

Vanquished Creatures (collateral kills)
  2 worker ants
  5 adders
  3 worms
  A giant gecko (D:2)
  A hobgoblin (D:1)
  A ball python (D:2)
  A giant newt (D:2)
  2 kobolds (D:2)
16 creatures vanquished.

Vanquished Creatures (others)
  A fire giant (Depths:1)
  A deep elf elementalist (Elf:3)
  A deep elf high priest (Elf:3)
  A hydra (Swamp:4)
  A demonic crawler (Spider:1)
  An ancient zyme (Abyss:2)
  A jumping spider (Spider:4)
  2 redbacks (Spider:3)
  A yak (Lair:6)
  A boggart (Depths:2)
  13 fungi
  A lurking horror (Abyss:2)
  11 plants
  7 starspawn tentacles
  39 starspawn tentacle segments (Abyss:2)
82 creatures vanquished.

Grand Total: 2399 creatures vanquished

Notes
Turn   | Place    | Note
--------------------------------------------------------------
     0 | D:1      | Leszczynek the Ogre Summoner began the quest for the Orb.
     0 | D:1      | Reached XP level 1. HP: 16/16 MP: 3/3
   240 | D:1      | Reached skill level 1 in Fighting
   555 | D:1      | Reached skill level 2 in Fighting
   602 | D:1      | Reached XP level 2. HP: 27/28 MP: 5/5
   619 | D:1      | Learned a level 2 spell: Call Imp
   706 | D:1      | Reached skill level 1 in Maces & Flails
  1260 | D:2      | Reached skill level 2 in Maces & Flails
  1299 | D:2      | Reached XP level 3. HP: 33/35 MP: 1/6
  1417 | D:2      | Reached skill level 3 in Maces & Flails
  1606 | D:2      | Found an iron altar of Okawaru.
  1676 | D:2      | Became a worshipper of Warmaster Okawaru
  1728 | D:2      | Reached XP level 4. HP: 18/42 MP: 1/7
  1955 | D:2      | Reached skill level 4 in Maces & Flails
  2123 | D:2      | Found a radiant altar of Vehumet.
  2127 | D:2      | Found an ancient bone altar of Kikubaaqudgha.
  2128 | D:2      | Found a deep blue altar of Sif Muna.
  2132 | D:2      | Identified Sif Muna's Collected Works on the Voyage
  2135 | D:2      | Learned a level 1 spell: Apportation
  2143 | D:2      | Gained mutation: Your flesh is cold resistant. (rC+) [potion of mutation]
  2143 | D:2      | Gained mutation: You can translocate small distances at will. [potion of mutation]
  2143 | D:2      | Gained mutation: You expend magic power (3 MP) to strengthen your wands. [potion of mutation]
  2552 | D:3      | Found a shimmering altar of Xom.
  2767 | D:3      | Reached skill level 5 in Maces & Flails
  3275 | D:3      | Reached XP level 5. HP: 29/49 MP: 8/8
  3699 | D:4      | Reached skill level 6 in Maces & Flails
  3924 | D:4      | Gained mutation: You regenerate slowly when monsters are visible. [potion of mutation]
  3924 | D:4      | Gained mutation: You are dopey. (Int -2) [potion of mutation]
  3924 | D:4      | Gained mutation: You have a pair of small horns on your head. [potion of mutation]
  3925 | D:4      | Gained mutation: Your flesh is very cold resistant. (rC++) [potion of mutation]
  3925 | D:4      | Gained mutation: You have sharp fingernails. [potion of mutation]
  3925 | D:4      | Gained mutation: Your body sometimes deteriorates upon taking damage. [potion of mutation]
  4079 | D:4      | Found a snail-covered altar of Cheibriados.
  4129 | D:4      | Noticed Blork the orc
  4138 | D:4      | Killed Blork the orc
  4138 | D:4      | Reached XP level 6. HP: 30/57 MP: 0/9
  4288 | D:4      | Found an opulent altar of Gozag.
  4312 | D:4      | Reached skill level 7 in Maces & Flails
  4529 | D:4      | Found a sacrificial altar of Ru.
  4810 | D:5      | Entered Level 5 of the Dungeon
  4922 | D:5      | Noticed a sky beast
  4989 | D:5      | Killed a sky beast
  4989 | D:5      | Reached skill level 8 in Maces & Flails
  4993 | D:5      | Gained mutation: You are agile. (Dex +2) [mutagenic meat]
  4994 | D:5      | Gained mutation: You are partially covered in icy blue scales. (AC +1) [mutagenic meat]
  4996 | D:5      | Lost mutation: Your body sometimes deteriorates upon taking damage. [mutagenic meat]
  4997 | D:5      | Gained mutation: Scrolls take you a little longer to read. [mutagenic meat]
  5302 | D:5      | Found a hide-covered altar of Uskayaw.
  5313 | D:5      | Found a staircase to the Ecumenical Temple.
  5333 | D:5      | Reached XP level 7. HP: 59/65 MP: 10/10
  5457 | D:5      | Learned a level 3 spell: Regeneration
  5500 | D:5      | Reached skill level 9 in Maces & Flails
  5823 | D:5      | Found a burning altar of Makhleb.
  6159 | D:6      | Reached * piety under Okawaru
  6159 | D:6      | Reached skill level 3 in Fighting
  6213 | D:6      | Reached skill level 10 in Maces & Flails
  6598 | D:6      | Noticed Duvessa
  6601 | D:6      | Noticed Dowan
  6611 | D:6      | Killed Duvessa
  6623 | D:6      | Killed Dowan
  6623 | D:6      | Reached skill level 4 in Fighting
  6623 | D:6      | Reached XP level 8. HP: 52/78 MP: 11/11
  7300 | D:6      | Reached skill level 11 in Maces & Flails
  7403 | D:6      | Reached skill level 5 in Fighting
  7939 | D:7      | Reached skill level 12 in Maces & Flails
  8207 | D:7      | Reached skill level 6 in Fighting
  8371 | D:7      | Reached ** piety under Okawaru
  8552 | D:7      | Reached XP level 9. HP: 92/92 MP: 12/12
  8692 | D:6      | Reached skill level 1 in Throwing
  8966 | D:7      | Noticed Crazy Yiuf
  8998 | D:7      | Killed Crazy Yiuf
  8998 | D:7      | Reached skill level 7 in Fighting
  9332 | D:7      | Learned a level 2 spell: Blink
  9335 | D:7      | Learned a level 2 spell: Repel Missiles
  9368 | D:7      | Reached skill level 2 in Throwing
  9373 | D:7      | Reached skill level 13 in Maces & Flails
  9983 | D:8      | Found a stormy altar of Qazlal.
 10066 | D:8      | Reached skill level 3 in Throwing
 10089 | D:8      | Reached *** piety under Okawaru
 10089 | D:8      | Reached skill level 8 in Fighting
 10191 | D:8      | Noticed a three-headed hydra
 10206 | D:8      | Killed a three-headed hydra
 10206 | D:8      | Received a gift from Okawaru
 10206 | D:8      | Reached skill level 14 in Maces & Flails
 10206 | D:8      | Reached skill level 4 in Throwing
 10206 | D:8      | Reached XP level 10. HP: 48/106 MP: 10/13
 10212 | D:8      | Received a gift from Okawaru
 10504 | D:8      | Reached **** piety under Okawaru
 10867 | D:8      | Reached skill level 1 in Invocations
 11040 | D:8      | Reached skill level 5 in Throwing
 11040 | D:8      | Reached skill level 2 in Invocations
 11321 | D:9      | Found a white marble altar of Elyvilon.
 11342 | D:9      | Found Ukaoch's General Store.
 11432 | D:9      | Found a hazy altar of Hepliaklqana.
 11519 | D:9      | Found a glowing silver altar of Zin.
 11585 | D:9      | Noticed a cyclops
 11597 | D:9      | Killed a cyclops
 11597 | D:9      | Reached skill level 3 in Invocations
 11899 | D:9      | Found a staircase to the Orcish Mines.
 11912 | D:9      | Reached skill level 4 in Invocations
 12159 | D:9      | Reached skill level 5 in Invocations
 12273 | D:9      | Found a staircase to the Lair.
 12398 | D:9      | Found a basalt altar of Yredelemnul.
 12492 | D:10     | Entered Level 10 of the Dungeon
 12539 | D:10     | Reached skill level 6 in Invocations
 12776 | D:10     | Reached skill level 7 in Invocations
 13262 | D:10     | Noticed Shenda's ghost (journeyman GrFi)
 13318 | D:10     | Killed Shenda's ghost
 13318 | D:10     | Received a gift from Okawaru
 13318 | D:10     | Reached skill level 9 in Fighting
 13318 | D:10     | Reached XP level 11. HP: 65/115 MP: 14/16
 13623 | Lair:1   | Entered Level 1 of the Lair of Beasts
 13627 | Lair:1   | this is silly
 13627 | Lair:1   | giant spiked club of protection
 13673 | Lair:1   | Received a gift from Okawaru
 13827 | Lair:1   | Noticed Skanax's ghost (novice DDNe)
 13856 | D:9      | Reached skill level 15 in Maces & Flails
 13857 | D:9      | Reached skill level 6 in Throwing
 14089 | Lair:1   | Killed Skanax's ghost
 14089 | Lair:1   | Received a gift from Okawaru
 14443 | Lair:1   | Noticed a six-headed hydra
 14457 | Lair:1   | Killed a six-headed hydra
 14457 | Lair:1   | Received a gift from Okawaru
 14800 | Lair:1   | Reached skill level 16 in Maces & Flails
 14818 | Lair:1   | Received a gift from Okawaru
 14818 | Lair:1   | Reached skill level 7 in Throwing
 15215 | Lair:2   | Noticed Erica
 15230 | Lair:2   | Reached skill level 2 in Dodging
 15252 | Lair:2   | Noticed Gastronok
 15281 | Lair:2   | Killed Gastronok
 15281 | Lair:2   | Received a gift from Okawaru
 15281 | Lair:2   | Reached ***** piety under Okawaru
 15281 | Lair:2   | Reached XP level 12. HP: 75/126 MP: 17/17
 15289 | Lair:2   | Reached skill level 3 in Dodging
 15523 | Lair:2   | Reached skill level 17 in Maces & Flails
 15566 | Lair:2   | Received a gift from Okawaru
 15573 | Lair:2   | Got a steaming giant club {god gift}
 15580 | Lair:2   | Identified the +5 giant club of Conversion {flame, *Corrode +Fly rF+ Str+4} (Okawaru gifted it to you on level 2 of the Lair of Beasts)
 15580 | Lair:2   | >*corrode
 15580 | Lair:2   | yeah no
 15818 | Lair:2   | Reached skill level 8 in Throwing
 16391 | Lair:2   | Noticed Fannar
 16407 | Lair:2   | Killed Fannar
 16407 | Lair:2   | Reached skill level 4 in Dodging
 16939 | Lair:3   | Found a staircase to the Swamp.
 17301 | Lair:3   | Received a gift from Okawaru
 17464 | Lair:3   | Reached skill level 18 in Maces & Flails
 17739 | Lair:3   | Reached skill level 5 in Dodging
 17748 | Lair:3   | Reached skill level 9 in Throwing
 17868 | Lair:3   | Learned a level 2 spell: Cure Poison
 17899 | Lair:3   | Reached skill level 1 in Poison Magic
 18224 | Lair:3   | Reached skill level 2 in Poison Magic
 18227 | Lair:3   | Received a gift from Okawaru
 18227 | Lair:3   | Reached XP level 13. HP: 119/132 MP: 18/18
 18280 | Lair:3   | Reached ****** piety under Okawaru
 18280 | Lair:3   | Reached skill level 3 in Poison Magic
 18584 | Lair:3   | Received a gift from Okawaru
 18865 | Lair:4   | Found a hole to the Spider Nest.
 19166 | Lair:4   | Reached skill level 10 in Fighting
 20044 | Lair:5   | Reached skill level 19 in Maces & Flails
 20770 | Lair:6   | Entered Level 6 of the Lair of Beasts
 20776 | Lair:6   | Reached skill level 6 in Dodging
 20869 | Lair:6   | Noticed Nessos
 21100 | Lair:6   | Killed Nessos
 21100 | Lair:6   | Reached skill level 11 in Fighting
 21100 | Lair:6   | Reached skill level 10 in Throwing
 21134 | Lair:6   | Received a gift from Okawaru
 21365 | Lair:6   | Noticed tstbtto's ghost (journeyman CeBe)
 21376 | Lair:6   | Killed tstbtto's ghost
 21376 | Lair:6   | Reached XP level 14. HP: 109/146 MP: 16/19
 21389 | Lair:6   | Found a snail-covered altar of Cheibriados.
 21478 | Lair:6   | Found a staircase to the Slime Pits.
 21715 | Lair:6   | Noticed a dire elephant
 21722 | Lair:6   | Received a gift from Okawaru
 21742 | Lair:6   | Killed a dire elephant
 21742 | Lair:6   | Reached skill level 20 in Maces & Flails
 22099 | Lair:6   | Received a gift from Okawaru
 22558 | Lair:6   | Found a burning altar of Makhleb.
 22689 | Lair:6   | Reached skill level 12 in Fighting
 22779 | Lair:6   | Received a gift from Okawaru
 22790 | Lair:6   | Reached skill level 7 in Dodging
 22830 | Lair:6   | Found a gateway to Hell.
 22838 | Lair:6   | Got a glittering pewter amulet
 22844 | Lair:6   | Identified the amulet "Rigofis" {Faith +Blink rPois Str+4 Int-5} (You found it on level 6 of the Lair of Beasts)
 22903 | Lair:6   | Received a gift from Okawaru
 23254 | Orc:1    | Entered Level 1 of the Orcish Mines
 23402 | Orc:2    | Entered Level 2 of the Orcish Mines
 24102 | Orc:2    | Received a gift from Okawaru
 24301 | Orc:2    | Found Yngunosk's Assorted Antiques.
 24305 | Orc:2    | Found a staircase to the Elven Halls.
 24309 | Orc:2    | Bought a golden potion for 29 gold pieces
 24309 | Orc:2    | Bought a runed robe for 23 gold pieces
 24480 | Orc:2    | Found a roughly hewn altar of Beogh.
 24574 | Orc:2    | Found Peryal's Jewellery Emporium.
 25100 | Orc:2    | Received a gift from Okawaru
 25103 | Orc:2    | Got an ancient giant club {god gift}
 25106 | Orc:2    | Identified the +3 giant club of Gravity {holy, Str+4} (Okawaru gifted it to you on level 2 of the Orcish Mines)
 25290 | Orc:2    | Reached skill level 11 in Throwing
 25466 | Orc:2    | Reached skill level 21 in Maces & Flails
 25665 | Orc:2    | Found Founyuh's Antique Weapon Emporium.
 25667 | Orc:2    | Found Itauxyowou's Antique Weapon Shop.
 25667 | Orc:2    | Found Ciomn's Antique Armour Shop.
 25689 | Orc:2    | Bought a glowing robe for 23 gold pieces
 25750 | Orc:2    | Bought the ring "Xifobbam" {rF++ rN+ Stlth+} for 646 gold pieces
 25750 | Orc:2    | Bought an uncursed ring of see invisible for 210 gold pieces
 25782 | Orc:2    | Bought a scroll of enchant weapon for 247 gold pieces
 25782 | Orc:2    | Bought a potion of curing for 99 gold pieces
 26475 | D:11     | Reached XP level 15. HP: 125/158 MP: 20/20
 26672 | D:10     | Received a gift from Okawaru
 27001 | D:11     | Reached skill level 8 in Dodging
 27224 | D:12     | Received a gift from Okawaru
 27239 | D:12     | Reached skill level 13 in Fighting
 27487 | D:12     | Received a gift from Okawaru
 27493 | D:12     | Got a warped swamp dragon armour {god gift}
 27496 | D:12     | Identified the +0 swamp dragon armour of Nobility {-Tele rPois Str+3 Int+3} (Okawaru gifted it to you on level 12 of the Dungeon)
 27496 | D:12     | to the trash it goes
 27496 | D:12     | cocktease
 27760 | D:12     | Noticed Kenran's ghost (adept FoFi)
 27786 | D:12     | Killed Kenran's ghost
 29204 | D:13     | Reached skill level 1 in Charms
 29389 | D:14     | Found a labyrinth entrance.
 29398 | Lab      | Entered a labyrinth
 29774 | Lab      | Reached skill level 1 in Necromancy
 29776 | Lab      | Got a glittering wooden ring
 29782 | Lab      | Identified the ring "Roasihau" {Wiz rPois rF++ rN+ MR-} (You took it off a minotaur in a labyrinth)
 29790 | Lab      | Identified the Tome of Transmigration and Contamination (You found it in a labyrinth)
 29923 | D:14     | Reached skill level 2 in Charms
 29923 | D:14     | Reached skill level 1 in Air Magic
 30083 | D:14     | Noticed Roxanne
 30360 | D:14     | Reached skill level 3 in Charms
 30382 | D:14     | Received a gift from Okawaru
 30396 | D:14     | Reached skill level 2 in Air Magic
 30407 | D:14     | Reached skill level 2 in Necromancy
 30416 | D:14     | Got a fabulously ornate robe {god gift}
 30419 | D:14     | Identified the +0 robe "Vown" {*Drain rPois Dex-5 Stlth+} (Okawaru gifted it to you on level 14 of the Dungeon)
 30525 | D:14     | Found a gate to the Vaults.
 30594 | D:14     | Upgraded the game from 0.19-a0-683-g5f2401d to 0.19-a0-687-g35db334
 30699 | D:14     | Reached skill level 3 in Necromancy
 31018 | D:15     | Entered Level 15 of the Dungeon
 31459 | D:14     | HP: 9/161 [slime creature (17)]
 31460 | D:14     | HP: 1/161 [slime creature (9)]
 31873 | D:15     | Reached skill level 4 in Charms
 31902 | D:15     | Found a staircase to the Depths.
 31902 | D:15     | Noticed a fire giant
 32001 | D:15     | Reached XP level 16. HP: 121/170 MP: 21/21
 32009 | D:15     | Reached skill level 3 in Air Magic
 32789 | Swamp:1  | Entered Level 1 of the Swamp
 33964 | Swamp:1  | Received a gift from Okawaru
 34844 | Swamp:1  | Received a gift from Okawaru
 34922 | Swamp:2  | Got a scorched amber ring
 34925 | Swamp:2  | Identified the ring "Esezar" {+Blink +Inv rN+ Str+4} (You found it on level 2 of the Swamp)
 34945 | Swamp:2  | Noticed Louise
 34956 | Swamp:2  | Killed Louise
 34956 | Swamp:2  | Reached skill level 22 in Maces & Flails
 35104 | Swamp:2  | Received a gift from Okawaru
 35107 | Swamp:2  | Got a pitted giant spiked club {god gift}
 35110 | Swamp:2  | Identified the +6 giant spiked club of the Warrior {crush, rF+ rN+ Int-2} (Okawaru gifted it to you on level 2 of the Swamp)
 35620 | Swamp:2  | Reached skill level 9 in Dodging
 36628 | Swamp:3  | Reached skill level 12 in Throwing
 37069 | Swamp:3  | Reached skill level 14 in Fighting
 37116 | Swamp:4  | Entered Level 4 of the Swamp
 37125 | Swamp:4  | Reached skill level 1 in Armour
 37411 | Swamp:4  | Received a gift from Okawaru
 37411 | Swamp:4  | Reached skill level 2 in Armour
 37914 | Swamp:4  | Reached skill level 3 in Armour
 37923 | Swamp:4  | Received a gift from Okawaru
 38307 | Swamp:4  | Received a gift from Okawaru
 38590 | Swamp:4  | Reached skill level 4 in Armour
 38643 | Swamp:4  | Reached XP level 17. HP: 182/182 MP: 22/22
 39150 | Swamp:4  | Received a gift from Okawaru
 39368 | Swamp:4  | Got a decaying rune of Zot
 39583 | Lair:3   | Reached skill level 5 in Armour
 39603 | Spider:1 | Entered Level 1 of the Spider Nest
 39717 | Spider:1 | Noticed Donald
 39862 | Lair:4   | Killed Donald
 40272 | Spider:1 | Reached skill level 15 in Fighting
 40999 | Spider:1 | Reached skill level 6 in Armour
 41791 | Spider:2 | nice rPois, still got poisoned for ~120 HP by fighting two spiders at once
 41791 | Spider:2 | fun fun
 41904 | Spider:2 | 6 !curing left
 41999 | Spider:2 | Reached skill level 13 in Throwing
 42025 | Spider:2 | Got a slimy steel amulet
 42028 | Spider:2 | Identified the amulet "Pukhlew" {Reflect Fragile rN+ Dex+6 SH+3} (You found it on level 2 of the Spider Nest)
 42983 | Spider:3 | Received a gift from Okawaru
 42999 | Spider:3 | Reached skill level 7 in Armour
 43005 | Spider:3 | Got a faintly humming large shield {god gift}
 43008 | Spider:3 | Identified the +4 large shield of the Valley {Dex+7} (Okawaru gifted it to you on level 3 of the Spider Nest)
 43008 | Spider:3 | give me a randart dragon armour instead please
 44352 | Spider:4 | Entered Level 4 of the Spider Nest
 44537 | Spider:4 | Reached skill level 16 in Fighting
 45016 | Spider:4 | Got a colourful robe
 45019 | Spider:4 | Identified the +1 robe of the Archfiend {+Fly rF++ Str+4} (You found it on level 4 of the Spider Nest)
 45068 | Spider:4 | Reached XP level 18. HP: 196/196 MP: 23/23
 45214 | Spider:4 | Received a gift from Okawaru
 45506 | Spider:4 | Reached skill level 8 in Armour
 45536 | Spider:4 | Received a gift from Okawaru
 45735 | Spider:4 | Reached skill level 10 in Dodging
 46021 | Spider:4 | Received a gift from Okawaru
 46202 | Spider:4 | Reached skill level 14 in Throwing
 46271 | Spider:4 | Got a gossamer rune of Zot
 46802 | Vaults:1 | Entered Level 1 of the Vaults
 46850 | Vaults:1 | Received a gift from Okawaru
 46901 | Vaults:1 | Got a tattered robe {god gift}
 46904 | Vaults:1 | Identified the -5 robe of Misfortune {-Cast *Contam *Tele EV-4 Str-2 Int-2 Dex-2 Stlth-- *Curse} (Okawaru gifted it to you on level 1 of the Vaults)
 47059 | Vaults:1 | Found Siyromer's Magic Scroll Shop.
 47080 | Vaults:1 | Bought a scroll of blinking for 127 gold pieces
 47080 | Vaults:1 | Bought a scroll of fog for 34 gold pieces
 47080 | Vaults:1 | Bought a scroll of blinking for 127 gold pieces
 47414 | Vaults:1 | Reached skill level 23 in Maces & Flails
 48481 | Vaults:2 | Received a gift from Okawaru
 48481 | Vaults:2 | Reached XP level 19. HP: 170/206 MP: 24/24
 48653 | Vaults:2 | Reached skill level 24 in Maces & Flails
 49089 | Vaults:2 | Received a gift from Okawaru
 49388 | Vaults:2 | Found a staircase to the Crypt.
 49439 | Vaults:2 | Reached skill level 17 in Fighting
 49483 | Vaults:2 | Reached skill level 1 in Evocations
 49990 | Vaults:2 | Found Jaezeuh's Gadget Emporium.
 50541 | Vaults:2 | Reached skill level 2 in Evocations
 50582 | Vaults:2 | Received a gift from Okawaru
 51057 | Vaults:2 | Reached skill level 3 in Evocations
 51058 | Vaults:2 | Reached skill level 18 in Fighting
 52247 | Vaults:2 | Reached skill level 15 in Throwing
 52719 | Vaults:2 | Reached XP level 20. HP: 161/223 MP: 25/25
 52915 | Vaults:3 | Received a gift from Okawaru
 53123 | Vaults:3 | Reached skill level 4 in Evocations
 53376 | Vaults:3 | Received a gift from Okawaru
 53499 | Vaults:3 | Received a gift from Okawaru
 53627 | Vaults:3 | Received a gift from Okawaru
 53654 | Vaults:3 | Got a warped giant spiked club {god gift}
 53657 | Vaults:3 | Identified the +9 giant spiked club "Plojy" {elec, Str+2 Dex+3} (Okawaru gifted it to you on level 3 of the Vaults)
 53720 | Vaults:3 | Reached skill level 19 in Fighting
 54209 | Vaults:3 | Reached skill level 5 in Evocations
 54598 | Vaults:3 | Received a gift from Okawaru
 54729 | Vaults:3 | Received a gift from Okawaru
 54735 | Vaults:3 | Reached skill level 16 in Throwing
 54746 | Vaults:3 | Got a slimy animal skin {god gift}
 54749 | Vaults:3 | Identified the +2 animal skin "Suleibog" {Regen+ Int+2} (Okawaru gifted it to you on level 3 of the Vaults)
 55256 | Vaults:4 | Noticed Xtahua
 55264 | Vaults:4 | Killed Xtahua
 56423 | Vaults:4 | Noticed Aizul
 56431 | Vaults:4 | Killed Aizul
 56431 | Vaults:4 | Reached skill level 20 in Fighting
 56632 | Vaults:4 | Received a gift from Okawaru
 56638 | Vaults:4 | Got a smoking giant club {god gift}
 56639 | Vaults:4 | Identified the +1 giant club of Truth {drain, rN+ Dex+3} (Okawaru gifted it to you on level 4 of the Vaults)
 57117 | Elf:1    | Entered Level 1 of the Elven Halls
 57456 | Elf:1    | Found Uczex's Magic Scroll Shop.
 57468 | Elf:1    | Bought a scroll of magic mapping for 38 gold pieces
 57468 | Elf:1    | Bought a scroll of holy word for 82 gold pieces
 57468 | Elf:1    | Bought a scroll of holy word for 82 gold pieces
 57468 | Elf:1    | Bought a scroll of holy word for 82 gold pieces
 57468 | Elf:1    | Bought a scroll of enchant armour for 82 gold pieces
 57468 | Elf:1    | Bought a scroll of fog for 22 gold pieces
 57468 | Elf:1    | Bought a scroll of blinking for 82 gold pieces
 57468 | Elf:1    | Bought a scroll of identify for 22 gold pieces
 57468 | Elf:1    | Bought a scroll of identify for 22 gold pieces
 57468 | Elf:1    | Bought a scroll of identify for 22 gold pieces
 57477 | Elf:1    | Reached skill level 6 in Evocations
 57543 | Elf:1    | Reached XP level 21. HP: 215/237 MP: 26/26
 57992 | Elf:2    | Reached skill level 9 in Armour
 58523 | Elf:2    | Identified a scroll of acquirement
 58775 | Elf:2    | Found Zumuniupn's Armour Shop.
 59223 | Elf:2    | Found a huge runed gate.
 59238 | Elf:2    | Found a huge runed gate.
 59239 | Elf:2    | Found a huge runed gate.
 59240 | Elf:2    | Found a huge runed gate.
 59240 | Elf:2    | Found a huge runed gate.
 59291 | Elf:2    | Received a gift from Okawaru
 59488 | Elf:3    | Entered Level 3 of the Elven Halls
 59494 | Elf:3    | Reached skill level 17 in Throwing
 59520 | Elf:3    | Found Yshatops's Antique Armour Shoppe.
 59542 | Elf:3    | Found Qayz's General Store.
 59545 | Elf:3    | Bought a scroll of magic mapping for 66 gold pieces
 59545 | Elf:3    | Bought a scroll of magic mapping for 66 gold pieces
 59545 | Elf:3    | Bought 3 needles of paralysis for 34 gold pieces
 59545 | Elf:3    | Bought a scroll of teleportation for 57 gold pieces
 59586 | Elf:3    | Got an ancient cloak
 59589 | Elf:3    | Identified the +0 cloak of Dramatic Exits {-Tele rF+++ rC+ Stlth+} (You acquired it on level 3 of the Elven Halls)
 59589 | Elf:3    | >Dramatic Exits
 59589 | Elf:3    | >-Tele
 59821 | Elf:3    | Found Qocuva Elau's Distillery.
 59841 | Elf:3    | Noticed Saint Roka
 59847 | Elf:3    | Killed Saint Roka
 59862 | Elf:3    | Found a portal to a secret trove of treasure.
 59877 | Elf:3    | +4 demon blade for trove
 59920 | Elf:3    | Bought a potion of agility for 40 gold pieces
 59920 | Elf:3    | Bought a potion of curing for 30 gold pieces
 59920 | Elf:3    | Bought a potion of agility for 40 gold pieces
 59981 | Elf:3    | Learned a level 2 spell: Swiftness
 61108 | Elf:3    | Reached skill level 7 in Evocations
 61637 | Elf:3    | Received a gift from Okawaru
 61637 | Elf:3    | Reached skill level 11 in Dodging
 61848 | Elf:3    | Received a gift from Okawaru
 61897 | Elf:3    | Got a crude robe
 61900 | Elf:3    | Identified the +1 robe of Heresy {MR+ Str+2 Int+5} (You took it off a deep elf mage on level 3 of the Elven Halls)
 62230 | Elf:3    | Got a brightly glowing turquoise ring
 62238 | Elf:3    | Identified the ring of the Failed Coup {Fire *Drain +Blink rN+ Slay+3} (You took it off a deep elf demonologist on level 3 of the Elven Halls)
 62436 | Elf:3    | Reached skill level 10 in Armour
 62696 | Elf:3    | Received a gift from Okawaru
 62843 | Elf:3    | Identified the Guide on Frigorific Sinister Rites (You found it on level 3 of the Elven Halls)
 62933 | Elf:3    | Reached XP level 22. HP: 230/247 MP: 27/27
 63184 | Depths:1 | Entered Level 1 of the Depths
 63517 | Depths:1 | Received a gift from Okawaru
 63605 | Depths:1 | Reached skill level 18 in Throwing
 63613 | Depths:1 | Received a gift from Okawaru
 63624 | Depths:1 | Reached skill level 12 in Dodging
 64094 | Depths:1 | Reached skill level 8 in Evocations
 64113 | Depths:1 | Received a gift from Okawaru
 64284 | Depths:1 | Reached skill level 13 in Dodging
 64286 | Depths:1 | Received a gift from Okawaru
 64726 | Depths:1 | Received a gift from Okawaru
 64986 | Depths:1 | Reached skill level 14 in Dodging
 65123 | Depths:1 | Got a translucent bone amulet
 65126 | Depths:1 | Identified the amulet "Otzoef" {RegenMP rPois Int+2} (You found it on level 1 of the Depths)
 65357 | Depths:1 | Received a gift from Okawaru
 65671 | Depths:2 | Noticed Jorgrun
 65686 | Depths:2 | Killed Jorgrun
 65686 | Depths:2 | Received a gift from Okawaru
 65686 | Depths:2 | Reached skill level 15 in Dodging
 66820 | Depths:2 | Received a gift from Okawaru
 67373 | Depths:2 | Reached skill level 9 in Evocations
 67373 | Depths:2 | Reached XP level 23. HP: 203/257 MP: 29/29
 67993 | Depths:3 | Received a gift from Okawaru
 68330 | Depths:3 | Noticed Margery
 68340 | Depths:3 | Killed Margery
 68340 | Depths:3 | Received a gift from Okawaru
 68340 | Depths:3 | Reached skill level 21 in Fighting
 68857 | Elf:3    | Received a gift from Okawaru
 68932 | Elf:3    | Reached skill level 19 in Throwing
 68965 | Elf:3    | You paid a toll of a +4 demon blade to enter a treasure trove
 68966 | Trove    | Entered a treasure trove
 68972 | Trove    | Got an ancient garnet amulet
 68974 | Trove    | Got a smoking diamond amulet
 68976 | Trove    | Got a sparkling amber ring
 68982 | Trove    | Got a pitted turquoise ring
 68984 | Trove    | Got a flickering zirconium amulet
 68988 | Trove    | Got a pitted lead ring
 68992 | Trove    | Got a transparent bone amulet
 69036 | Trove    | Identified the amulet "Gofiz" {+Rage rElec rF- rN+ MR+ Str+3} (You found it in a treasure trove)
 69038 | Trove    | Identified the amulet "Katosa" {Spirit -Tele +Inv MR+ SInv} (You found it in a treasure trove)
 69040 | Trove    | Identified the ring "Cantid" {rN+ Int-4 Dex+6 SInv Stlth+} (You found it in a treasure trove)
 69042 | Trove    | Identified the ring of Xyazity {rF+ rC+ SInv} (You found it in a treasure trove)
 69044 | Trove    | Identified the ring of Yjoning {rPois Stlth+} (You found it in a treasure trove)
 69046 | Trove    | Identified the amulet "Asosiclayhu" {RegenMP rF- Int+7} (You found it in a treasure trove)
 69048 | Trove    | Identified the amulet "Nyaxzeini" {Harm *Drain rN+} (You found it in a treasure trove)
 69426 | Depths:3 | Received a gift from Okawaru
 69515 | Depths:3 | Reached skill level 10 in Evocations
 69607 | Depths:3 | Received a gift from Okawaru
 69809 | Depths:3 | Found a one-way gate to the infinite horrors of the Abyss.
 69813 | Depths:3 | Found a one-way gate leading to the halls of Pandemonium.
 69838 | Depths:3 | Received a gift from Okawaru
 69852 | Depths:3 | Got a crude giant club {god gift}
 69855 | Depths:3 | Identified the +5 giant club of Kiuhi {crush, +Blink Dex+6} (Okawaru gifted it to you on level 3 of the Depths)
 69955 | Depths:3 | Reached skill level 4 in Necromancy
 70229 | Depths:3 | Reached skill level 3 in Spellcasting
 70601 | Depths:3 | Reached skill level 5 in Charms
 70616 | Depths:3 | Reached skill level 4 in Spellcasting
 70946 | Depths:3 | Gained mutation: You are occasionally teleported next to monsters. [a shining eye]
 70970 | Depths:3 | Received a gift from Okawaru
 70982 | Depths:3 | Lost mutation: You are dopey. (Int -2) [potion of cure mutation]
 70982 | Depths:3 | Lost mutation: Scrolls take you a little longer to read. [potion of cure mutation]
 70982 | Depths:3 | Lost mutation: You are agile. (Dex +2) [potion of cure mutation]
 70982 | Depths:3 | Lost mutation: You expend magic power (3 MP) to strengthen your wands. [potion of cure mutation]
 70982 | Depths:3 | Lost mutation: You can translocate small distances at will. [potion of cure mutation]
 71046 | Depths:3 | teleportitis
 71046 | Depths:3 | and no !cMut
 71046 | Depths:3 | "increased spawn rate" my ass
 71046 | Depths:3 | every second or third game has almost no !cMut at all
 71046 | Depths:3 | "increased spawn rate", suuuuure
 71285 | Depths:4 | Reached skill level 5 in Spellcasting
 71300 | Depths:4 | Reached skill level 5 in Necromancy
 71781 | Depths:3 | Reached skill level 6 in Charms
 71868 | Depths:3 | Reached XP level 24. HP: 250/270 MP: 31/31
 71882 | Depths:4 | Reached skill level 1 in Translocations
 71971 | Depths:4 | Reached skill level 6 in Spellcasting
 72061 | Depths:4 | Reached skill level 2 in Translocations
 72222 | Depths:4 | Noticed a juggernaut
 72222 | Depths:4 | Noticed a juggernaut
 72302 | Depths:4 | Reached skill level 3 in Translocations
 73144 | Depths:4 | Reached skill level 7 in Spellcasting
 73418 | Depths:4 | Received a gift from Okawaru
 73418 | Depths:4 | Reached skill level 4 in Translocations
 73587 | Depths:4 | Found a radiant altar of Vehumet.
 73670 | Depths:4 | Received a gift from Okawaru
 73858 | Depths:5 | Entered Level 5 of the Depths
 73888 | Depths:5 | Reached skill level 7 in Charms
 73909 | Depths:4 | Reached skill level 5 in Translocations
 74072 | Depths:5 | Reached skill level 8 in Spellcasting
 74210 | Depths:5 | Found a shattered altar of Ashenzari.
 74529 | Depths:5 | Found a gateway to a ziggurat.
 74588 | Depths:5 | Reached skill level 6 in Necromancy
 74795 | Depths:5 | Received a gift from Okawaru
 74796 | Depths:5 | Found a runed door.
 74796 | Depths:5 | Found a runed door.
 74887 | Depths:5 | Reached skill level 7 in Necromancy
 74891 | Depths:5 | Found a runed door.
 74921 | Depths:5 | Found a runed door.
 74979 | Depths:5 | Received a gift from Okawaru
 74979 | Depths:5 | Reached skill level 8 in Charms
 75098 | Depths:5 | Found a runed door.
 75102 | Depths:5 | Found a runed door.
 75107 | Depths:5 | Received a gift from Okawaru
 75143 | Depths:5 | Reached XP level 25. HP: 246/279 MP: 33/35
 75160 | Depths:5 | Found a gate to the Realm of Zot.
 75659 | Depths:3 | Voluntarily entered the Abyss.
 75661 | Abyss:1  | Found a corrupted altar of Lugonu.
 76190 | Abyss:1  | Learned a level 4 spell: Passage of Golubria
 76194 | Abyss:1  | Learned a level 3 spell: Portal Projectile
 76465 | Abyss:2  | Learned a level 2 spell: Sublimation of Blood
 76687 | Abyss:2  | Reached skill level 20 in Throwing
 76726 | Abyss:3  | Reached skill level 6 in Translocations
 76761 | Abyss:3  | Got an abyssal rune of Zot
 76798 | Depths:3 | Escaped the Abyss
 77034 | Zot:1    | Entered Level 1 of the Realm of Zot
 77105 | Zot:1    | Received a gift from Okawaru
 77129 | Zot:1    | Reached skill level 22 in Fighting
 77403 | Zot:1    | Reached skill level 7 in Translocations
 77733 | Zot:1    | Noticed an orb of fire
 77747 | Zot:1    | Killed an orb of fire
 78122 | Zot:2    | Reached skill level 8 in Translocations
 78439 | Zot:2    | Noticed a Killer Klown
 78485 | Zot:2    | Reached XP level 26. HP: 248/291 MP: 35/35
 78602 | Zot:2    | Received a gift from Okawaru
 78714 | Zot:2    | Reached skill level 9 in Translocations
 80235 | Zot:3    | Received a gift from Okawaru
 80242 | Zot:3    | Got a shimmering giant spiked club {god gift}
 80243 | Zot:3    | Identified the +8 giant spiked club of Tender Mercy {antimagic, +Rage Str+4} (Okawaru gifted it to you on level 3 of the Realm of Zot)
 80356 | Zot:3    | Reached skill level 21 in Throwing
 80475 | Zot:3    | Reached skill level 11 in Armour
 80666 | Zot:3    | Noticed an ancient lich
 80681 | Zot:3    | Killed an ancient lich
 80697 | Zot:3    | Reached skill level 16 in Dodging
 81632 | Zot:4    | Received a gift from Okawaru
 81819 | Zot:4    | Reached XP level 27. HP: 241/302 MP: 31/35
 82367 | Zot:5    | Entered Level 5 of the Realm of Zot
 82416 | Zot:5    | Noticed an ancient lich
 82416 | Zot:5    | Noticed an ancient lich
 82417 | Zot:5    | Noticed an orb of fire
 82417 | Zot:5    | Noticed an orb of fire
 82417 | Zot:5    | Noticed an orb of fire
 82417 | Zot:5    | Noticed an orb of fire
 82417 | Zot:5    | Gained mutation: You are frail. (-10% HP) [an orb of fire]
 82420 | Zot:5    | Gained mutation: Your flesh is heat resistant. (rF+) [an orb of fire]
 82423 | Zot:5    | Killed an ancient lich
 82423 | Zot:5    | Reached skill level 25 in Maces & Flails
 82425 | Zot:5    | Noticed an ancient lich
 82430 | Zot:5    | woo
 82430 | Zot:5    | teleport ride
 82456 | Zot:5    | Noticed an ancient lich
 82465 | Zot:5    | Killed an ancient lich
 82486 | Zot:5    | Reached skill level 23 in Fighting
 82529 | Zot:5    | Received a gift from Okawaru
 82572 | Zot:5    | Gained mutation: You tend to lose your temper in combat. [an orb of fire]
 82580 | Zot:5    | Noticed an ancient lich
 82581 | Zot:5    | Noticed an orb of fire
 82589 | Zot:5    | Killed an orb of fire
 82718 | Zot:5    | Reached skill level 22 in Throwing
 82751 | Zot:5    | Killed an ancient lich
 82764 | Zot:5    | Noticed an orb of fire
 82773 | Zot:5    | Gained mutation: Your magical capacity is low. (-10% MP) [an orb of fire]
 82780 | Zot:5    | Gained mutation: Scrolls take you a little longer to read. [an orb of fire]
 82781 | Zot:5    | Gained mutation: Scrolls take you longer to read. [an orb of fire]
 82784 | Zot:5    | Gained mutation: You often lose your temper in combat. [an orb of fire]
 82785 | Zot:5    | Gained mutation: You are sometimes teleported next to monsters. [an orb of fire]
 82791 | Zot:5    | Gained mutation: You are weak. (Str -2) [an orb of fire]
 82792 | Zot:5    | Gained mutation: You are very frail. (-20% HP) [an orb of fire]
 82801 | Zot:5    | Gained mutation: Your body sometimes deteriorates upon taking damage. [an orb of fire]
 82804 | Zot:5    | Gained mutation: You are dopey. (Int -2) [an orb of fire]
 82807 | Zot:5    | Gained mutation: You are very weak. (Str -4) [an orb of fire]
 83100 | Zot:4    | Received a gift from Okawaru
 83272 | Zot:5    | HP: 20/246 [Orb Guardian (29)]
 83273 | Zot:5    | Slain by an Orb Guardian

Vault maps used:
D:1:      minmay_arrival_four_houses
D:2:      grunt_temple_overflow_magic_moments, okawaru_metal_pillars_1_2
D:3:      marbit_many_paths, minmay_crystal_room
D:4:      kennysheep_mini_moat, grunt_gozag_statues,
          nicolae_ru_sacrificial_ziggurat, uniq_blork_the_orc
D:5:      lightli_temple_of_fire, eat_drink_and_be_merry_uskayaw,
          temple_statues, first_bread
D:6:      uniq_duvessa
D:7:      uniq_crazy_yiuf_cottage
D:8:      overflow_temple_1_default, hangedman_ranch
D:9:      lemuel_coloured_pillars_altar, elyvilon_altar_1,
          yredelemnul_forgotten_temple_becter, nicolae_overflow_crystal_walls,
          erik_lair_dragon, serial_shops, shop, kennysheep_nub
D:10:     nicolae_underground_beach
D:14:     grunt_vaults_entry_tiered, lab_entry_generic, kennysheep_donut,
          kennysheep_nondescript, minivault_22, uniq_roxanne
D:15:     grunt_enter_depths_giant_problem, hangedman_decor_lopped
Lair:1:   enter_volcano_1, grunt_megastairs_1
Lair:2:   serial_bayou_shore_b, grunt_megastairs_2, uniq_gastronok, uniq_fannar,
          uniq_erica
Lair:3:   swamp_mist_pool, beast_lair_carwin_10
Lair:4:   spider_nest_entry_web_field
Lair:6:   evil_forest, minmay_slime_entry_oklob_enclosed, serial_bayou_pond_d,
          lemuel_centaur_altar, infiniplex_staircase_pool_2,
          serial_bayou_shore_b, uniq_nessos
Swamp:1:  evilmike_swamp_ruin_house_6
Swamp:2:  evilmike_swamp_ruin_house_3, uniq_louise
Swamp:3:  evilmike_swamp_ruin_rubble_2, roderic_carrion_pond
Swamp:4:  swamp_icy, infiniplex_staircase_pool
Spider:1: uniq_donald
Spider:4: spider_rune_water, guppyfry_wasp_nest
Orc:2:    st_orc_elflike, serial_shops, shop_statue, mines2_david
Elf:1:    elf_arrival_002, serial_shops, shop
Elf:2:    serial_shops, shop_statue, st_stairs_10
Elf:3:    grunt_elf_hall_diamonds, nicolae_trove_entry_columns, serial_shops,
          nicolae_shop_behind_doors, shop, shop, uniq_saint_roka, uniq_nikola
Vaults:1: v_alt_pattern_5, nicolae_vaults_network_star, st_lattice,
          vaults_room_semicircle, nicolae_vaults_little_squares_6,
          ontoclasm_vaults_tryst, vaults_room_semicircle, vaults_room_fours,
          serial_shops, shop
Vaults:2: v_misc_18, minmay_crypt_entry_simple_statues, hangedman_vaults_maws,
          v_misc_14, grunt_vaults_hallway_short, vaults_mumra_hex,
          ontoclasm_vaults_twist, dpeg_vaults_monster_row,
          nicolae_vaults_little_squares_6, serial_shops, nicolae_shop_trees
Vaults:3: nicolae_vaults_windows_and_doors_thing, ontoclasm_vaults_eye,
          v_pattern_5, v_misc_18, vaults_room_fancy_cross,
          ontoclasm_vaults_loading_screen, nicolae_vaults_stairing_the_circle,
          ontoclasm_vaults_loading_screen, ontoclasm_vaults_gateway
Vaults:4: vaults_standard_mumra_lines, nicolae_vaults_ring_of_whatevers,
          v_misc_28, nicolae_vaults_little_squares_1, v_misc_18, uniq_aizul,
          uniq_xtahua
Depths:1: grunt_mini_vestibule, serial_bayou_pond_a, st_stairs_4,
          hangedman_stitches_earthworm, firewood_loft, serial_bayou_shore_b
Depths:2: minmay_imperfect_grid, hell_entry, kennysheep_pointless_box,
          uniq_jorgrun
Depths:3: hangedman_cross_veins, pan_entry, abyss_entry, hell_entry,
          lemuel_statue_altar, uniq_margery
Depths:4: kennysheep_treasure_stockpile, hell_entry, abyss_entry,
          grunt_tower_of_power, minmay_staircase_windowed_large
Depths:5: evilmike_zot_entry_castle, enter_ziggurat_d,
          nicolae_ashenzari_panopticon, hell_entry, serial_bayou_shore_b
Zot:2:    grunt_zot_stairs_faceoff, grunt_ministairs_8
Zot:3:    hangedman_player_shredder
Zot:5:    st_stairs_8
Abyss:2:  hangedman_abyss_or_decor_stagger, evilmike_abyss_exit_mutagenic
Abyss:3:  due_exit_kobolds, minivault_19, grunt_abyss_rune_wretched_hive,
          hangedman_abyss_overflow_altar
Lab:      nicolae_lab_dead_adventurers
Trove:    trove_jewel_2

Skill      XL: |  1  2  3  4  5  6  7  8  9 10 11 12 13 14 15 16 17 18 19 20 21 22 23 24 25 26 27 |
---------------+----------------------------------------------------------------------------------+-----
Fighting       | 2 4 6 8 9 11 12 13 14 16 18 20 21 22 23 | 23.7
Maces & Flails | 2 3 5 6 8 10 12 14 16 18 19 21 22 23 24 25 | 25.7
Throwing       | 4 5 7 9 10 11 12 13 14 15 16 17 18 19 20 21 22 | 22.2
Invocations    | 7 |  7.4
Dodging        | 2 5 6 7 8 9 10 11 15 16 | 16.1
Poison Magic   | 2 3 |  3.2
Charms         | 4 6 8 |  8.3
Necromancy     | 3 5 7 |  7.6
Air Magic      | 2 3 |  3.1
Armour         | 4 7 8 10 11 | 11.4
Evocations     | 3 6 7 9 10 | 10.3
Spellcasting   | 5 8 |  8.1
Translocations | 5 8 9 |  9.0
Stealth        | |  1.5
Summonings     | |  2.9

Action                   |  1- 3 |  4- 6 |  7- 9 | 10-12 | 13-15 | 16-18 | 19-21 | 22-24 | 25-27 || total
-------------------------+-------+-------+-------+-------+-------+-------+-------+-------+-------++-------
Melee: Unarmed           |    54 |       |       |       |       |       |       |       |       ||    54
       Mace              |    56 |    60 |       |       |       |       |       |       |       ||   116
       Flail             |       |    65 |       |       |       |       |       |       |       ||    65
       Headbutt          |       |    15 |    57 |    93 |   218 |   259 |   269 |   383 |   366 ||  1660
       Dire flail        |       |    70 |   177 |       |       |       |       |       |       ||   247
       Giant club        |       |       |   120 |   145 |       |       |       |       |       ||   265
       Giant spiked club |       |       |       |   334 |  1115 |  1201 |  1138 |  1349 |  1299 ||  6436
Throw: Javelin           |       |       |     7 |     1 |     5 |    42 |    11 |     3 |       ||    69
       Large rock        |       |       |       |     7 |    67 |    50 |   167 |    56 |    35 ||   382
       Tomahawk          |       |       |       |    23 |    33 |    80 |    10 |       |       ||   146
 Cast: Summon Small Mamm |     7 |       |       |       |       |       |       |       |       ||     7
       Call Imp          |    16 |    12 |     9 |       |       |       |       |       |     1 ||    38
       Repel Missiles    |       |       |       |     1 |     1 |     1 |       |     7 |    16 ||    26
       Cure Poison       |       |       |       |       |     4 |       |       |       |     1 ||     5
       Regeneration      |       |       |       |       |     3 |     5 |       |    35 |   145 ||   188
       Blink             |       |       |       |       |       |       |       |       |     1 ||     1
Invok: Heroism           |       |       |     6 |    16 |    20 |    14 |    25 |    11 |    17 ||   109
       Finesse           |       |       |       |       |     4 |     6 |     1 |     2 |     5 ||    18
Evoke: Wand              |       |       |       |       |     3 |     1 |     1 |     1 |     6 ||    12
  Use: Potion            |     2 |     6 |     2 |     2 |     3 |     5 |     2 |     5 |     4 ||    31
       Scroll            |       |    11 |     4 |    15 |    19 |    18 |    17 |    23 |    21 ||   128
 Stab: Sleeping          |     3 |     3 |     5 |     1 |     7 |     1 |       |       |       ||    20
       Distracted        |       |       |       |     1 |     1 |     1 |     1 |       |       ||     4
       Invisible         |       |       |       |       |       |    17 |       |       |       ||    17
  Eat: Chunk             |     4 |    27 |    22 |    26 |    42 |    29 |    12 |    30 |    27 ||   219
       Beef jerky        |       |       |       |       |     5 |     2 |     4 |     1 |       ||    12
       Royal jelly       |       |       |       |       |     1 |       |       |       |       ||     1
       Fruit             |       |       |       |       |       |    23 |    21 |       |       ||    44
       Pizza             |       |       |       |       |       |     2 |     1 |       |       ||     3
       Bread ration      |       |       |       |       |       |       |     3 |     2 |     6 ||    11
Armor: Robe              |    60 |    35 |    64 |   150 |   347 |    46 |       |       |       ||   702
       Skin              |       |       |       |     1 |       |       |       |       |       ||     1
       Swamp dragon armo |       |       |       |       |       |   189 |       |       |       ||   189
       Ice dragon armour |       |       |       |       |       |   505 |   519 |   680 |   899 ||  2603
Dodge: Dodged            |    77 |    95 |   126 |   216 |   719 |   903 |   618 |   822 |   972 ||  4548
       Deflected         |       |       |       |       |     2 |     3 |       |     7 |    31 ||    43
